 Dungeon Crawl Stone Soup version 0.23.2-32-g37ab1d4649 (webtiles) character file.

Game seed: 1072211432053550030

4337 Mrkan the Basher (level 10, -10/65 HPs)
             Began as a Gargoyle Fighter on June 25, 2019.
             Was a Priest of Zin.
             Mangled by a komodo dragon (21 damage)
             ... on level 8 of the Dungeon.
             The game lasted 00:24:00 (7542 turns).

Mrkan the Basher (Gargoyle Fighter)                 Turns: 7542, Time: 00:24:01

Health: -10/65     AC: 23    Str: 21    XL:     10   Next: 33%
Magic:  13/13      EV:  4    Int:  8    God:    Zin [***...]
Gold:   423        SH: 11    Dex: 12    Spells: 9/9 levels left

rFire    . . .     SeeInvis .   M - +1 morningstar (protect)
rCold    . . .     Gourm    .   c - +0 shield
rNeg     + . .     Faith    .   I - +0 plate armour
rPois    ∞         Spirit   .   C - +0 helmet
rElec    +         Reflect  .   s - +0 cloak
rCorr    .         Harm     .   d - +0 pair of gloves
MR       .....                  n - +0 pair of boots
Stlth    ..........             (no amulet)
HPRegen  0.20/turn              (no ring)
MPRegen  0.13/turn              (no ring)

@: no status effects
A: negative energy resistance 1, electricity resistance, unbreathing,
petrification resistance, rot immunity, AC +7
a: Recite, Vitalisation, Imprison, Donate Gold, Renounce Religion


You were on level 8 of the Dungeon.
You worshipped Zin.
Zin was most pleased with you.
You were hungry.

You visited 2 branches of the dungeon, and saw 10 of its levels.
You also visited: Sewer.

You collected 515 gold pieces.
You spent 45 gold pieces at shops.
You donated 47 gold pieces to Zin.

Inventory:

Hand Weapons
 y - a +1 hand crossbow of freezing
 M - a +1 morningstar of protection (weapon)
Missiles
 z - 37 bolts
Armour
 c - a +0 shield (worn)
 d - a +0 pair of gloves (worn)
 n - a +0 pair of boots (worn)
 s - a +0 cloak (worn)
 C - a +0 helmet (worn)
 I - a +0 plate armour (worn)
Magical Staves
 J - an uncursed staff of power {unknown}
Jewellery
 r - a +4 ring of evasion {unknown}
Wands
 j - a wand of digging (11)
 l - a wand of acid (10)
 G - a wand of iceblast (13)
 H - a wand of polymorph (4)
Scrolls
 a - 5 scrolls of amnesia {unknown}
 e - 3 scrolls of magic mapping
 g - 4 scrolls of identify
 k - 3 scrolls of teleportation {unknown}
 p - a scroll of noise {unknown}
 t - a scroll of enchant armour {unknown}
 A - 5 scrolls of remove curse
 E - a scroll of holy word {unknown}
 F - a scroll of immolation {unknown}
Potions
 b - a potion of ambrosia {unknown}
 h - 11 potions of curing
 i - a potion of resistance {unknown}
 m - 3 potions of flight
 u - a potion of might
 v - a potion of berserk rage {unknown}
 w - 2 potions of agility
 x - 5 potions of brilliance
 B - a potion of mutation {unknown}
 D - a potion of magic {unknown}
Comestibles
 f - 14 rations


   Skills:
 - Level 8.5 Fighting
 * Level 10.2 Maces & Flails
 + Level 3.3 Armour
 + Level 8.5 Shields
 + Level 4.0 Invocations


You had 9 spell levels left.
You didn't know any spells.
Your spell library contained the following spells:

 Spells                   Type           Power        Failure   Level  Hunger
 Beastly Appendage        Tmut           #.....       100%        1    ##.....
 Magic Dart               Conj           #...         100%        1    ##.....
 Blink                    Tloc           N/A          100%        2    ###....
 Call Imp                 Summ           #.......     100%        2    ###....
 Slow                     Hex            #.......     100%        2    ###....
 Sticks to Snakes         Tmut           #.......     100%        2    ###....
 Conjure Flame            Conj/Fire      #.......     100%        3    ####...
 Mephitic Cloud           Conj/Pois/Air  #.......     100%        3    ####...
 Spider Form              Tmut/Pois      #.........   100%        3    ####...
 Ice Form                 Ice/Tmut       #.......     100%        4    #####..
 Blade Hands              Tmut           #.........   100%        5    ######.


Dungeon Overview and Level Annotations

Branches:
Dungeon (9/15)             Temple (1/1) D:7
   Lair: D:8-11         Orc: D:9-12

Altars:
Cheibriados
Dithmenos
Elyvilon
Fedhas
Gozag
Hepliaklqana
Kikubaaqudgha
Makhleb
Qazlal
Ru
Sif Muna
Trog
Uskayaw
Vehumet
Xom
Yredelemnul
Zin
The Shining One

Shops:
D:5 !   D:8 =

Annotations:
D:7 3 runed translucent doors, JuliusFucik's ghost, novice DEEE


Innate Abilities, Weirdness & Mutations

You are resistant to torment.
Your stone body is resilient. (AC +7)
You are immune to poison.
You resist negative energy. (rN+)
You are resistant to electric shocks. (rElec)
You can survive without breathing.
You are immune to petrification.
You are immune to rotting.


Message History

There is an open door here.
Things that are here:
a cursed -1 shortbow; 5 arrows
There is a stone staircase leading up here.
The komodo dragon bites you but does no damage.
You climb upwards.
There is a stone staircase leading down here.
You see here 15 stones.
You block the komodo dragon's attack. You block the komodo dragon's attack.
You see here a leather armour.
The komodo dragon barely misses you.
You barely miss the komodo dragon. The komodo dragon bites you!!
* * * LOW HITPOINT WARNING * * *
You hit the komodo dragon but do no damage.
Your weapon exudes an aura of protection.
The komodo dragon bites you but does no damage.
You are feeling hungry.
The komodo dragon bites you!!
You die...

######................#..........
..(......##.#............##......
.........##.#..........#.##......
........###.####.####.........##.
........###.##...##..............
...............##...........>...#
.......###.##...#.....#.........)
.......# #.#..........#<.........
.......###......@l.........((....
####.#.........#..#....#..>(.(...
#...###.......................
##..#....###..>.....#.......(.
#..............#...###........
#..............###.##.../.....
#####....########..##.........
##....# #...###.........
#....#####.### #......>..


You could see a komodo dragon.

Vanquished Creatures
  2 hippogriffs
  Sigmund (D:3)
  3 yaks (D:9)
  Edmund (D:5)
  2 ice beasts (D:5)
  3 orc warriors
  3 phantoms
  2 ogres
  3 centaurs
  4 big kobolds
  A wyvern zombie (D:6)
  A bullfrog (D:9)
  3 scorpions
  8 killer bees (D:8)
  4 howler monkeys
  2 crimson imps
  4 hounds
  7 orc priests
  A jelly (D:5)
  2 quasits
  An iguana (D:4)
  Ijyb (D:3)
  5 orc wizards
  8 worker ants
  9 adders
  3 oozes
  An adder zombie (D:8)
  An adder skeleton (D:6)
  5 worms
  2 dart slugs
  3 leopard geckos
  31 orcs
  6 giant cockroaches
  4 goblins
  2 hobgoblins (D:1)
  4 quokkas
  2 ball pythons (Sewer)
  8 bats
  4 frilled lizards
  17 kobolds
  8 rats
  A fungus (D:8)
  2 plants (D:8)
185 creatures vanquished.

Vanquished Creatures (others)
  2 fungi (D:8)
  9 plants
11 creatures vanquished.

Grand Total: 196 creatures vanquished

Notes
Turn   | Place    | Note
-------+----------+-------------------------------------------
     0 | D:1      | Mrkan the Gargoyle Fighter began the quest for the Orb.
     0 | D:1      | Reached XP level 1. HP: 14/14 MP: 1/1
   180 | D:1      | Reached XP level 2. HP: 12/19 MP: 2/2
   704 | D:2      | Found a blossoming altar of Fedhas.
   743 | D:2      | Found a deep blue altar of Sif Muna.
   842 | D:2      | Reached XP level 3. HP: 18/24 MP: 3/3
  1215 | D:3      | Reached skill level 3 in Maces & Flails
  1215 | D:3      | Reached XP level 4. HP: 3/29 MP: 4/4
  1658 | D:3      | Reached XP level 5. HP: 11/33 MP: 5/5
  1841 | D:3      | Noticed Sigmund
  1868 | D:3      | Killed Sigmund
  1868 | D:3      | Reached skill level 4 in Maces & Flails
  1868 | D:3      | Reached XP level 6. HP: 16/39 MP: 6/6
  1982 | D:3      | Noticed Ijyb
  1993 | D:3      | Killed Ijyb
  2049 | D:3      | Reached skill level 5 in Fighting
  2049 | D:3      | Reached skill level 5 in Maces & Flails
  2049 | D:3      | Reached skill level 5 in Shields
  2301 | D:3      | Reached XP level 7. HP: 44/44 MP: 7/7
  2354 | D:3      | Found a glowing golden altar of the Shining One.
  2690 | D:4      | Found a glowing drain.
  2712 | Sewer    | Entered a sewer
  2904 | Sewer    | Reached skill level 6 in Maces & Flails
  3601 | D:4      | Found a white marble altar of Elyvilon.
  3887 | D:5      | Entered Level 5 of the Dungeon
  3907 | D:5      | Found a radiant altar of Vehumet.
  3961 | D:5      | Found a stormy altar of Qazlal.
  4031 | D:5      | Reached XP level 8. HP: 51/51 MP: 8/8
  4092 | D:5      | Noticed Edmund
  4113 | D:5      | Killed Edmund
  4113 | D:5      | Reached skill level 7 in Maces & Flails
  4253 | D:5      | Found Nime's Distillery.
  4259 | D:5      | Bought a potion of curing for 45 gold pieces
  4605 | D:6      | Found a hazy altar of Hepliaklqana.
  4906 | D:6      | Noticed a hippogriff
  4917 | D:6      | Killed a hippogriff
  4917 | D:6      | Reached skill level 8 in Maces & Flails
  4917 | D:6      | Reached XP level 9. HP: 30/57 MP: 9/9
  5033 | D:6      | Found a sacrificial altar of Ru.
  5396 | D:7      | Found a staircase to the Ecumenical Temple.
  5430 | Temple   | Entered the Ecumenical Temple
  5787 | Temple   | Became a worshipper of Zin the Law-Giver
  5787 | Temple   | Reached * piety under Zin
  5911 | D:7      | Reached skill level 1 in Invocations
  5968 | D:7      | Found a runed translucent gate.
  5970 | D:7      | Found a runed translucent gate.
  5970 | D:7      | Found an opulent altar of Gozag.
  5972 | D:7      | Found a runed translucent gate.
  5973 | D:7      | Noticed JuliusFucik's ghost (novice DEEE)
  6130 | D:7      | Reached ** piety under Zin
  6205 | D:7      | Reached skill level 9 in Maces & Flails
  6608 | D:8      | Found Wiciu's Jewellery Emporium.
  6884 | D:8      | Noticed a +0 dagger
  6885 | D:8      | Found a hide-covered altar of Uskayaw.
  6885 | D:8      | Noticed a +0 hand axe
  7006 | D:9      | Reached XP level 10. HP: 56/64 MP: 12/12
  7138 | D:9      | Reached skill level 10 in Maces & Flails
  7359 | D:9      | Reached *** piety under Zin
  7542 | D:8      | Mangled by a komodo dragon

Skill      XL: |  1  2  3  4  5  6  7  8  9 10 |
---------------+-------------------------------+-----
Maces & Flails | 3 4 5 6 8 9 10 | 10.2
Fighting       | 4 5 7 8 |  8.5
Shields        | 4 5 7 8 |  8.5
Invocations    | 3 4 |  4.0
Armour         | |  3.3

Action                   |  1- 3 |  4- 6 |  7- 9 | 10-12 || total
-------------------------+-------+-------+-------+-------++-------
Melee: Flail             |    91 |    93 |   274 |       ||   458
       Mace              |       |       |   286 |       ||   286
       Whip              |       |       |    49 |       ||    49
       Eveningstar       |       |       |    26 |    74 ||   100
       Morningstar       |       |       |       |    49 ||    49
 Fire: Hand crossbow     |       |       |     1 |       ||     1
Invok: Recite            |       |       |     1 |       ||     1
  Use: Scroll            |     4 |       |     4 |       ||     8
       Potion            |       |     2 |     1 |     2 ||     5
  Eat: Chunk             |     1 |     4 |    12 |     2 ||    19
       Ration            |       |       |     1 |       ||     1
Armor: Scale mail        |    43 |     8 |       |       ||    51
       Chain mail        |       |    22 |   273 |       ||   295
       Plate armour      |       |       |   227 |    66 ||   293
Dodge: Dodged            |    21 |    20 |   148 |    15 ||   204
Block: Shield            |    45 |    31 |   410 |    68 ||   554
